 Dungeon Crawl Stone Soup version 0.30.1-11-g7821555f0a (webtiles) character file.

Game seed: 9930019309431764138

11665 Jynx the Fighter (level 11, -3/111 HPs)
             Began as a Minotaur Fighter on Jan 9, 2024.
             Slain by a hornet (12 damage)
             ... on level 11 of the Dungeon.
             The game lasted 00:22:19 (10034 turns).

Jynx the Fighter (Minotaur Fighter)                Turns: 10034, Time: 00:22:19

Health: -3/111     AC: 14    Str: 20    XL:     11   Next: 52%
Magic:  10/10      EV: 18    Int:  5    God:
Gold:   444        SH:  0    Dex: 15    Spells: 10/10 levels left

rFire   . . .        A - +3 dire flail
rCold   . . .        (shield currently unavailable)
rNeg    . . .        e - +0 chain mail
rPois   .            (helmet restricted)
rElec   .            (no cloak)
rCorr   .            (no gloves)
SInv    .            D - +1 pair of boots
Will    .....        (no amulet) Stlth
                     t - +5 ring of evasion
HPRegen 0.38/turn    p - +5 ring of evasion
MPRegen 0.12/turn

%: no passive effects
@: mighty, lethally poisoned (-3 -> -15), slowed, very slow
A: horns 2, retaliatory headbutt
a: no special abilities


You were on level 11 of the Dungeon.
You visited 1 branch of the dungeon, and saw 11 of its levels.

You collected 444 gold pieces.

Inventory:

Hand Weapons
 A - a +3 dire flail (weapon)
 B - a +4 flail
Armour
 e - a +0 chain mail (worn)
 z - +0 steam dragon scales
 D - a +1 pair of boots (worn)
Jewellery
 p - a +5 ring of evasion (right hand)
 r - a ring of ice
 t - a +5 ring of evasion (left hand)
 I - a ring of protection from cold
Wands
 m - a wand of flame (6)
 o - a wand of digging (9)
 y - a wand of roots (14)
 H - a wand of paralysis (4)
Scrolls
 a - a scroll of butterflies
 b - 2 scrolls of vulnerability
 d - a scroll of blinking {unknown}
 i - 2 scrolls of teleportation
 j - 3 scrolls of enchant weapon {unknown}
 k - 4 scrolls of enchant armour {unknown}
 n - a scroll of amnesia {unknown}
 q - 4 scrolls of poison
 s - a scroll of fear {unknown}
 x - a scroll of noise {unknown}
 E - a scroll of acquirement {unknown}
 F - 2 scrolls of brand weapon {unknown}
 G - 3 scrolls of immolation
Potions
 c - 2 potions of flight
 f - 4 potions of brilliance
 g - a potion of haste
 h - 4 potions of lignification
 l - 3 potions of curing
 u - a potion of mutation {unknown}
 v - a potion of ambrosia {unknown}
 w - 3 potions of might


   Skills:
 + Level 14.5 Fighting
 - Level 14.0 Maces & Flails
 + Level 10.2 Armour
 - Level 3.6 Shields


You had 10 spell levels left.
You didn't know any spells.
Your spell library contained the following spells:

 Spells                   Type           Power      Damage    Failure   Level
 Sandblast                Erth           0%         2d4       96%         1
 Slow                     Hex            0%         N/A       96%         1
 Cigotuvi's Dreadful Rot  Necr/Pois/Air  0%         N/A       99%         2
 Ensorcelled Hibernation  Hex/Ice        0%         N/A       99%         2
 Passwall                 Tmut/Erth      0%         N/A       99%         2
 Confusing Touch          Hex            0%         N/A       100%        3
 Portal Projectile        Hex/Tloc       0%         N/A       100%        3
 Spider Form              Tmut/Pois      0%         N/A       100%        3
 Stone Arrow              Conj/Erth      0%         3d7       100%        3
 Tukima's Dance           Hex            0%         N/A       100%        3
 Vampiric Draining        Necr           0%         2d6       100%        3
 Anguish                  Hex/Necr       0%         N/A       100%        4
 Dispel Undead            Necr           0%         3d6       100%        4
 Blade Hands              Tmut           0%         N/A       100%        5
 Death Channel            Necr           0%         N/A       100%        6
 Malign Gateway           Summ/Tloc      0%         N/A       100%        7
 Summon Horrible Things   Summ           0%         N/A       100%        8


Dungeon Overview and Level Annotations

Branches:
Dungeon (11/15)            Temple (0/1) D:4
   Lair: D:8-11         Orc: D:9-12

Altars:
Ashenzari
Cheibriados
Dithmenos
Elyvilon
Fedhas
Hepliaklqana
Makhleb
Nemelex Xobeh
Ru
Uskayaw
Vehumet
Yredelemnul

Shops:
D:1 (   D:6 =   D:9 *

Annotations:
D:5 exclusion: statue
D:9 3 runed translucent doors, exclusion: obsidian statue


Innate Abilities, Weirdness & Mutations

You have a pair of horns on your head.
You reflexively headbutt those who attack you in melee.


Message History

The hornet completely misses you.
You hit the floating eye.
The floating eye is moderately wounded.
You feel sick. The hornet misses you. The orc barely misses you.
You furiously retaliate!
You headbutt the orc!
You kill the orc!
The orc wizard completely misses you. The orc warrior closely misses you.
The orc priest misses you.
You hit the floating eye.
The floating eye is heavily wounded.
You feel sick. The hornet misses you.
A floating eye comes into view.
The orc wizard barely misses you. You furiously retaliate!
You headbutt the orc wizard!
You kill the orc wizard!
The orc warrior hits you with a +0 scimitar!
* * * LOW HITPOINT WARNING * * *
The orc priest misses you. You furiously retaliate!
You headbutt the orc priest!
You kill the orc priest!
Your surroundings seem slightly different.
You feel sick.
You feel better.
You feel yourself speed up.
The hornet stings you but does no damage. x2
You feel very mighty all of a sudden. The hornet completely misses you.
The hornet stings you!
* * * LOW HITPOINT WARNING * * *
You are poisoned.
You feel yourself slow down.
You feel better. The hornet closely misses you. You furiously retaliate!
You headbutt the hornet! The hornet stings you.
* * * LOW HITPOINT WARNING * * *
You are poisoned.
You feel as though you will be slow longer.
The hornet stings you!
* * * LOW HITPOINT WARNING * * *
You feel as though you will be slow longer.
The hornet stings you!
You die...

.......†.(.....#.......# ..
...............# .....# ...
...............###...###....
.............[.)............
..........).†..†.?.)†)......
..........)....).)...†......
....................))......
.......<.)......oy..........
...............$@Go....####G
#######..........y#..###
###...$.....#.##
#..........## #...#.....?#
########...# #####


You could see 2 hornets, an orc warrior, a floating eye (charged) and an orc.

Vanquished Creatures
  2 boulder beetles
  Erolcha (D:11)
  A two-headed ogre (D:9)
  An unseen horror zombie (D:9)
  Psyche (D:10)
  2 trolls
  3 hornets
  3 wraiths
  A wyvern (D:10)
  7 yaks
  4 steam dragons
  The ghost of Artemis2 the Conjurer, an amateur DrCj (D:4)
  2 wargs (D:11)
  An acid dragon (D:10)
  4 water moccasins
  5 orc warriors
  Duvessa (D:6)
  An ice beast (D:6)
  3 sky beasts
  2 black bears
  2 centaurs (D:8)
  A phantom (D:4)
  5 kobold brigands
  The ghost of ripuliukko the Digger, an amateur GrEE (D:3)
  3 bullfrogs
  A gnoll sergeant (D:9)
  A scorpion (D:5)
  17 wights
  Dowan (D:6)
  A water moccasin skeleton (D:3)
  3 killer bees (D:7)
  2 howler monkeys
  A vampire bat (D:3)
  2 centaur zombies (D:9)
  8 orc priests
  A hound (D:6)
  2 jellies
  3 gnoll boudas
  A bullfrog skeleton (D:4)
  2 sleepcaps (D:7)
  4 iguanas
  9 orc wizards
  A howler monkey zombie (D:9)
  Robin (D:3)
  10 adders
  25 gnolls
  2 howler monkey skeletons
  A white imp (D:6)
  2 worms
  A dart slug (D:3)
  3 fire bats (D:3)
  43 orcs
  2 spectral bats (D:3)
  13 bats
  3 bat skeletons (D:3)
  A bat zombie (D:3)
  6 endoplasms
  5 giant cockroaches
  11 goblins
  11 hobgoblins
  11 jackals
  6 quokkas
  7 ball pythons
  A bat simulacrum (D:3)
  2 frilled lizards
  18 kobolds
  4 rats
307 creatures vanquished.

Vanquished Creatures (others)
  An orc (D:7)
1 creature vanquished.

Grand Total: 308 creatures vanquished

Notes
Turn   | Place    | Note
-------+----------+-------------------------------------------
     0 | D:1      | Jynx the Minotaur Fighter began the quest for the Orb.
     0 | D:1      | Reached XP level 1. HP: 19/19 MP: 0/0
   219 | D:1      | Reached XP level 2. HP: 27/27 MP: 1/1
   456 | D:1      | Found Toffeba's Weapon Emporium.
   844 | D:2      | Reached XP level 3. HP: 29/33 MP: 2/2
  1158 | D:2      | Reached XP level 4. HP: 31/41 MP: 3/3
  1316 | D:2      | Reached skill level 5 in Maces & Flails
  2164 | D:3      | Reached XP level 5. HP: 32/47 MP: 4/4
  2280 | D:3      | Found a transporter.
  2289 | D:3      | Noticed ripuliukko's ghost (amateur GrEE)
  2298 | D:3      | Reached skill level 5 in Fighting
  2307 | D:3      | Killed ripuliukko's ghost
  2308 | D:3      | Reached XP level 6. HP: 52/56 MP: 5/5
  2328 | D:3      | Found a transporter.
  2682 | D:3      | Noticed Robin
  2713 | D:3      | Killed Robin
  2892 | D:3      | Reached XP level 7. HP: 63/63 MP: 6/6
  3619 | D:4      | Found a runed translucent gate.
  3619 | D:4      | Found a staircase to the Ecumenical Temple.
  3619 | D:4      | Found a runed translucent gate.
  3619 | D:4      | Found a runed translucent gate.
  3619 | D:4      | You fall into a shaft and drop 2 floors!
  3638 | D:5      | Entered Level 5 of the Dungeon
  3812 | D:4      | Noticed Artemis2's ghost (amateur DrCj)
  3846 | D:4      | Killed Artemis2's ghost
  3847 | D:4      | Reached XP level 8. HP: 32/73 MP: 7/7
  4113 | D:5      | Found a sacrificial altar of Ru.
  4114 | D:5      | Found a hazy altar of Hepliaklqana.
  4114 | D:5      | Found a broken altar of Ashenzari.
  4283 | D:5      | Found a radiant altar of Vehumet.
  4381 | D:5      | Found a white marble altar of Elyvilon.
  4670 | D:6      | Noticed Dowan
  4677 | D:6      | Noticed Duvessa
  4694 | D:6      | Reached skill level 10 in Maces & Flails
  4708 | D:6      | Killed Duvessa
  4715 | D:6      | Killed Dowan
  4822 | D:6      | Found Liqidic's Jewellery Shoppe.
  5071 | D:6      | Reached XP level 9. HP: 76/82 MP: 8/8
  5470 | D:7      | Found a hide-covered altar of Uskayaw.
  5967 | D:7      | Reached skill level 10 in Fighting
  6361 | D:7      | Found a basalt altar of Yredelemnul.
  6563 | D:7      | Found a blossoming altar of Fedhas.
  6568 | D:7      | Found a shadowy altar of Dithmenos.
  6735 | D:8      | Reached XP level 10. HP: 84/94 MP: 9/9
  7321 | D:9      | Found a runed translucent door.
  7365 | D:9      | Noticed a two-headed ogre
  7379 | D:9      | Killed a two-headed ogre
  7380 | D:9      | Reached skill level 5 in Armour
  7647 | D:9      | Found Mefighag's Assorted Antiques.
  7931 | D:9      | Found a runed translucent door.
  7945 | D:9      | Found a runed translucent door.
  7950 | D:9      | Noticed an obsidian statue
  7959 | D:9      | Found a runed translucent door.
  8235 | D:9      | Found a burning altar of Makhleb.
  8237 | D:9      | Found a snail-covered altar of Cheibriados.
  8240 | D:9      | Found a sparkling altar of Nemelex Xobeh.
  8587 | D:9      | Noticed a boulder beetle
  8609 | D:9      | Killed a boulder beetle
  8868 | D:10     | Entered Level 10 of the Dungeon
  8885 | D:10     | Reached XP level 11. HP: 99/107 MP: 10/10
  9264 | D:10     | Noticed Psyche
  9270 | D:10     | Killed Psyche
  9385 | D:10     | Noticed a boulder beetle
  9408 | D:10     | Killed a boulder beetle
  9828 | D:11     | Noticed Erolcha
  9967 | D:11     | Killed Erolcha
  9968 | D:11     | Reached skill level 10 in Armour
 10012 | D:11     | Paralysed by a hornet for 1 turns
 10023 | D:11     | Paralysed by a floating eye for 3 turns
 10034 | D:11     | Slain by a hornet

Illustrated notes

Levels and vault maps discovered:
D:1:      heliophobic_arrival_battle_scene, layout_basic, serial_shops,
          nicolae_shop_back_alley_shop
D:2:      layout_basic
D:3:      layout_loops_ring, gammafunk_ghost_mausoleum,
          chequers_serial_rivers_small_3, kennysheep_another_room,
          kennysheep_doodads, goddamned_bats, uniq_robin
D:4:      layout_cave_pools, minmay_temple_entry_gardened_gates,
          gammafunk_ghost_necromancy, hangedman_feature_mirror
D:5:      layout_loops_cross, elyvilon_altar_1,
          chequers_temple_overflow_statue_of_worship, vehumet_statue,
          fountainhead
D:6:      layout_loops_corners, serial_shops, nicolae_shop_rolling_square,
          st_stairs_10, uniq_duvessa
D:7:      layout_loops_ring, mainiacjoe_overflow_surrounded_room,
          gammafunk_temple_overflow_statue,
          nicolae_uskayaw_murder_on_the_dancefloor
D:8:      layout_rooms, minivault_23, minivault_27
D:9:      layout_irregular_city, grunt_temple_overflow_diamond, serial_shops,
          nicolae_shop_trees, serial_undead, serial_undead_b, serial_undead_b,
          serial_undead_e, serial_undead_b, hangedman_decor_diamond_cutter,
          minivault_11, minmay_statue_crystal_thing
D:10:     layout_rooms, grunt_ministairs_1, uniq_psyche
D:11:     hellmonk_paralyzer, layout_cross, erik_lair_orcish_takeover,
          hiddenorc1_lemuel, portal_ice_cave_entry_pillars_1, uniq_erolcha

Skill      XL: |  1  2  3  4  5  6  7  8  9 10 11 |
---------------+----------------------------------+-----
Maces & Flails | 3 4 5 6 7 9 11 14 | 14.0
Fighting       | 4 5 6 7 8 10 13 14 | 14.5
Armour         | 8 10 | 10.2
Shields        | |  3.6

Action                     |  1- 3 |  4- 6 |  7- 9 | 10-12 || total
---------------------------+-------+-------+-------+-------++-------
  Melee: Flail             |    84 |   154 |   228 |       ||   466
         Headbutt          |     9 |    22 |    68 |    64 ||   163
         Punch             |       |     2 |     2 |       ||     4
         Dire flail        |       |       |    77 |   294 ||   371
    Use: Potion            |       |     1 |     2 |     5 ||     8
         Scroll            |       |       |     7 |     5 ||    12
 Armour: Scale mail        |    15 |       |       |       ||    15
         Chain mail        |    46 |   129 |    87 |    72 ||   334
  Dodge: Dodged            |    51 |    89 |   178 |   257 ||   575
